 Dungeon Crawl Stone Soup version 0.21.1-1-g345015fe64 (webtiles) character file.

1885 Lentor the Carver (level 8, -4/71 HPs)
             Began as a Yellow Draconian Berserker on June 8, 2018.
             Was an Elder of Trog.
             Slain by an orc warrior
             ... wielding a +0 halberd
              (8 damage)
             ... on level 7 of the Dungeon.
             The game lasted 00:15:52 (5969 turns).

Lentor the Carver (Yellow Draconian Berserker)      Turns: 5969, Time: 00:15:55

Health: -4/71      AC:  9    Str: 21    XL:     8   Next: 92%
Magic:  8/8        EV: 15    Int:  9    God:    Trog [****..]
Gold:   388        SH:  0    Dex: 10    Spells: 7/7 levels left

rFire    + . .     SeeInvis .   t - +0 long sword
rCold    x . .     Gourm    .   (no shield)
rNeg     . . .     Faith    .   (armour unavailable)
rPois    .         Spirit   .   (helmet restricted)
rElec    +         Reflect  .   p - +1 cloak
rCorr    +         Harm     .   q - +0 pair of gloves
MR       .....                  (no boots)
Stlth    +.........             (no amulet)
HPRegen  0.21/turn              s - ring of fire
MPRegen  0.11/turn              w - +1 ring of evasion

@: berserk cooldown, slowed, very slow
A: spit acid, acid resistance, unfitting armour, hooves 1, electricity
resistance, wild magic 1, cold-blooded, AC +6
a: Breathe Acid, Berserk, Trog's Hand, Brothers in Arms, Burn Spellbooks,
Renounce Religion


You were on level 7 of the Dungeon.
You worshipped Trog.
Trog was greatly pleased with you.
You were very hungry.

You visited 2 branches of the dungeon, and saw 8 of its levels.

You collected 388 gold pieces.

Inventory:

Hand Weapons
 t - a +0 long sword (weapon)
Armour
 p - a +1 cloak (worn)
 q - a +0 pair of gloves (worn)
Jewellery
 s - a ring of fire (left hand)
 w - a +1 ring of evasion (right hand)
Wands
 g - a wand of random effects (19)
 j - a wand of scattershot (5)
 l - a wand of acid (10)
 o - a wand of iceblast (21)
Scrolls
 c - a scroll of remove curse
 d - a scroll of teleportation
 e - a scroll of fear
 k - 3 scrolls of blinking
 n - a scroll of silence {unknown}
 r - a scroll of identify
Potions
 a - a potion of berserk rage
 f - 2 potions of invisibility
 h - a potion of cancellation {unknown}
 i - a potion of brilliance {unknown}
 m - 3 potions of magic
 u - a potion of heal wounds
 z - a potion of degeneration
 A - a potion of agility
 B - 2 potions of curing
Comestibles
 b - 3 rations


   Skills:
 + Level 6.9 Fighting
 * Level 9.0 Long Blades
 + Level 5.5 Dodging
 - Level 1.7 Stealth


You had 7 spell levels left.
You didn't know any spells.

Dungeon Overview and Level Annotations

Branches:
Dungeon (7/15)             Temple (1/1) D:5

Altars:
Ashenzari
Cheibriados
Dithmenos
Elyvilon
Gozag
Hepliaklqana
Kikubaaqudgha
Makhleb
Qazlal
Ru
Sif Muna
Uskayaw
Vehumet
Wu Jian
Xom
Yredelemnul
Zin
The Shining One


Innate Abilities, Weirdness & Mutations

You can spit globs of acid.
You are resistant to acid.
Your golden yellow scales are hard. (AC +6)
You cannot fit into any form of body armour.
You are cold-blooded and may be slowed by cold attacks.
You have large cloven feet.
You are resistant to electric shocks. (rElec)
Your spells are a little harder to cast, but a little more powerful.


Message History

You miss something. Your kick misses something.
Something hits you but does no damage. The orc warrior misses you.
You hear some strange, mumbled words.
A magic dart appears from out of thin air!
The magic dart hits you!
You miss something. Your kick misses something. You tail-slap something.
The orc warrior hits you from afar with a halberd.
Something hits you but does no damage.
You miss something. Your kick misses something.
The orc warrior hits you from afar with a halberd!
* * * LOW HITPOINT WARNING * * *
Something hits you but does no damage. Something barely misses you.
The orc warrior hits you but does no damage.
You miss something.
You hear some strange, mumbled words.
A magic dart appears from out of thin air!
The magic dart hits you!
* * * LOW HITPOINT WARNING * * *
The orc warrior hits you from afar with a halberd!
You die...

........# ##))(...##
#.......# #..(.....
#.......# ##.######
#.....# #.# # #.oo#
##'## ## #)# ##...##
#. #.### ##.....###.
#o#.## ##.......##.
#.{@.####.........#.
#.......+.........+.
#.....###.........#.
###..## ##.......##.
##.# ##....<###. #.#
##...## #. #.# ##+##
## #.###### #.#
#.##...###.######


You could see an orc warrior.

Vanquished Creatures
  A hungry ghost (D:7)
  Edmund (D:4)
  An orc warrior (D:7)
  2 phantoms (D:4)
  An ogre (D:4)
  5 bullfrogs
  A scorpion (D:4)
  A howler monkey (D:4)
  A crimson imp (D:5)
  A quasit (D:6)
  5 hounds
  A bullfrog skeleton (D:6)
  A centaur skeleton (D:4)
  2 jellies (D:5)
  2 iguanas
  5 orc wizards
  3 worker ants
  A howler monkey zombie (D:6)
  5 gnolls
  9 adders
  2 oozes
  An adder skeleton (D:4)
  3 worms
  5 leopard geckos
  18 orcs
  11 bats
  8 giant cockroaches
  6 goblins
  5 hobgoblins
  4 jackals (D:5)
  2 quokkas
  16 frilled lizards
  6 kobolds
  A leopard gecko skeleton (D:4)
  9 rats
146 creatures vanquished.

Notes
Turn   | Place    | Note
-------+----------+-------------------------------------------
     0 | D:1      | Lentor the Draconian Berserker began the quest for the Orb.
     0 | D:1      | Reached XP level 1. HP: 19/19 MP: 1/1
   103 | D:1      | Reached XP level 2. HP: 23/26 MP: 2/2
   343 | D:1      | Reached ** piety under Trog
   343 | D:1      | Reached XP level 3. HP: 27/33 MP: 3/3
  1093 | D:2      | Reached skill level 4 in Long Blades
  1093 | D:2      | Reached XP level 4. HP: 40/40 MP: 4/4
  1674 | D:3      | Found a shimmering altar of Xom.
  2098 | D:3      | Reached XP level 5. HP: 46/46 MP: 5/5
  2278 | D:4      | Noticed an ogre
  2286 | D:4      | Killed an ogre
  2286 | D:4      | Reached skill level 5 in Long Blades
  2294 | D:4      | Reached XP level 6. HP: 24/53 MP: 6/6
  2643 | D:4      | Reached skill level 1 in Stealth
  2767 | D:4      | Noticed Edmund
  2779 | D:4      | Killed Edmund
  2779 | D:4      | Reached skill level 6 in Long Blades
  2783 | D:4      | Reached skill level 5 in Fighting
  2923 | D:4      | Your scales start taking on a golden yellow colour.
  2923 | D:4      | Reached XP level 7. HP: 61/61 MP: 7/7
  3054 | D:4      | Reached *** piety under Trog
  3162 | D:4      | Noticed a hand axe
  3163 | D:4      | Noticed a dagger
  3163 | D:4      | Found a hide-covered altar of Uskayaw.
  3302 | D:4      | Reached skill level 7 in Long Blades
  3475 | D:5      | Entered Level 5 of the Dungeon
  3573 | D:5      | Found a snail-covered altar of Cheibriados.
  3625 | D:5      | Found a staircase to the Ecumenical Temple.
  3638 | Temple   | Entered the Ecumenical Temple
  4300 | D:5      | Reached XP level 8. HP: 70/70 MP: 8/8
  4316 | D:5      | Reached **** piety under Trog
  4351 | D:5      | Found an ornate altar of the Wu Jian Council.
  4655 | D:5      | Found a sacrificial altar of Ru.
  4870 | D:6      | Gained mutation: Your tail ends in a poisonous barb. [potion of mutation]
  4870 | D:6      | Gained mutation: Your spells are a little harder to cast, but a little more powerful. [potion of mutation]
  4870 | D:6      | Gained mutation: You passively map a small area around you. [potion of mutation]
  4871 | D:6      | Lost mutation: Your tail ends in a poisonous barb. [potion of mutation]
  4871 | D:6      | Lost mutation: You passively map a small area around you. [potion of mutation]
  4871 | D:6      | Gained mutation: You have large cloven feet. [potion of mutation]
  4871 | D:6      | Gained mutation: You are resistant to electric shocks. (rElec) [potion of mutation]
  5182 | D:6      | Reached skill level 8 in Long Blades
  5197 | D:6      | Reached skill level 5 in Dodging
  5960 | D:7      | Reached skill level 9 in Long Blades
  5969 | D:7      | Slain by an orc warrior

Skill      XL: |  1  2  3  4  5  6  7  8 |
---------------+-------------------------+-----
Dodging        | 3 4 5 |  5.5
Long Blades    | 4 5 6 7 9 |  9.0
Fighting       | 4 5 6 |  6.9
Stealth        | 1 |  1.7

Action                   |  1- 3 |  4- 6 |  7- 9 || total
-------------------------+-------+-------+-------++-------
Melee: Falchion          |   111 |   108 |     1 ||   220
       Tailslap          |    10 |    16 |    22 ||    48
       Long sword        |       |       |   197 ||   197
       Kick              |       |       |    19 ||    19
Invok: Berserk           |     2 |     3 |     9 ||    14
       Burn Spellbooks   |       |     1 |       ||     1
 Abil: Breathe Acid      |       |       |     3 ||     3
  Use: Scroll            |       |       |    19 ||    19
       Potion            |       |       |     3 ||     3
 Stab: Sleeping          |       |       |     1 ||     1
  Eat: Chunk             |     2 |     6 |     8 ||    16
       Ration            |       |     1 |     5 ||     6
Armor: Skin              |    41 |    28 |    74 ||   143
Dodge: Dodged            |    79 |    68 |   148 ||   295
       Rpst.: Falchion   |    22 |    25 |     2 ||    49
       Long sword        |       |       |    43 ||    43
